 Dungeon Crawl Stone Soup version 0.29.1-15-g9cfb28693d (webtiles) character file.

Game seed: 12878892549575914906

189 safid the Chiller (level 5, -16/41 HPs)
             Began as a Merfolk Ice Elementalist on Apr 11, 2023.
             Was an Initiate of Vehumet.
             Demolished by an ogre
             ... wielding a +0 giant club
              (28 damage)
             ... on level 5 of the Dungeon.
             The game lasted 00:05:52 (4420 turns).

safid the Chiller (Merfolk Ice Elementalist)        Turns: 4420, Time: 00:05:53

Health: -16/41     AC: 11    Str:  8    XL:     5   Next: 68%
Magic:  3/10       EV: 12    Int: 16    God:    Vehumet [......]
Gold:   199        SH:  0    Dex: 15    Spells: 3/10 levels left

rFire   . . .      SeeInvis .   d - +0 spear
rCold   . . .      Faith    .   (no shield)
rNeg    . . .      Spirit   .   a - +0 robe
rPois   .          Reflect  .   (no helmet)
rElec   .          Harm     .   s - +0 cloak
rCorr   .          Rampage  .   o - +0 pair of gloves
Will    .....                   j - +0 pair of boots
Stlth   ++........              (no amulet)
HPRegen 0.13/turn               (no ring)
MPRegen 0.12/turn               (no ring)

@: ice-armoured
A: (nimble swimmer 2), mertail
a: Renounce Religion


You were on level 5 of the Dungeon.
You worshipped Vehumet.
Vehumet was noncommittal.
You visited 2 branches of the dungeon, and saw 6 of its levels.

You collected 199 gold pieces.

Inventory:

Hand Weapons
 d - a +0 spear (weapon)
Missiles
 h - 2 throwing nets
Armour
 a - a +0 robe (worn)
 j - a +0 pair of boots (worn)
 o - a +0 pair of gloves (worn)
 s - a +0 cloak (worn)
Wands
 p - a wand of digging (7)
 t - a wand of mindburst (15)
Scrolls
 c - 2 scrolls of amnesia {unknown}
 g - 3 scrolls of noise {unknown}
 i - a scroll of vulnerability {unknown}
 k - 5 scrolls of identify {unknown}
 l - 2 scrolls of immolation {unknown}
 n - a scroll of fog {unknown}
 q - a scroll of teleportation {unknown}
 r - 2 scrolls of fear {unknown}
Potions
 b - 2 potions of magic
 e - 2 potions of haste {unknown}
 f - 2 potions of curing {unknown}
 m - a potion of attraction {unknown}
 u - a potion of brilliance {unknown}


   Skills:
 + Level 3.1 Fighting
 - Level 2.6 Dodging
 - Level 2.1 Stealth
 + Level 3.3 Spellcasting
 + Level 5.6 Ice Magic


You had 3 spell levels left.
You knew the following spells:

 Your Spells              Type           Power      Damage    Failure   Level
a - Freeze                Ice            80%        1d9       1%          1
b - Frozen Ramparts       Ice            40%        1d7       5%          3
c - Ozocubu's Armour      Ice            20%        N/A       5%          3

Your spell library contained the following spells:

 Spells                   Type           Power      Damage    Failure   Level
 Foxfire                  Conj/Fire      8%         2x1d4     19%         1
 Magic Dart               Conj           8%         1d3       19%         1
 Call Imp                 Summ           2%         N/A       26%         2
 Conjure Flame            Conj/Fire      2%         6-21      47%         3
 Gell's Gravitas          Tloc           2%         N/A       47%         3
 Inner Flame              Hex/Fire       2%         N/A       47%         3
 Mephitic Cloud           Conj/Pois/Air  2%         N/A       47%         3
 Teleport Other           Tloc           2%         N/A       47%         3
 Hailstorm                Conj/Ice       11%        3d5       50%         4
 Flame Wave               Conj/Fire      2%         2d4       87%         4
 Dispersal                Tloc           1%         N/A       100%        6


Dungeon Overview and Level Annotations

Branches:
Dungeon (5/15)             Temple (1/1) D:5

Altars:
Ashenzari
Elyvilon
Kikubaaqudgha
Makhleb
Okawaru
Ru
Sif Muna
Trog
Vehumet
Wu Jian
Zin
The Shining One

Annotations:
D:3 1 runed translucent door, middlethird's ghost, amateur VSCj


Innate Abilities, Weirdness & Mutations

((You are very nimble when in or above water. (Stealth+, EV+, Speed+++)))
Your lower body shifts to a powerful aquatic tail in water.


Message History

The wall freezes the ogre.
You reach to attack!
You hit the ogre.
The ogre is lightly wounded.
The wall freezes the ogre.
Casting: Ozocubu's Armour (dangerous; 5% risk of failure)
Confirm with . or Enter, or press ? or * to list all spells.
Aiming: Freeze (safe; 1% risk of failure)
Press: ? - help, Shift-Dir - straight line, f/p - ogre
Aim: an ogre, wielding a +0 giant club (moderately wounded)
You freeze the ogre!
The ogre is heavily wounded.
A gnoll comes into view. It is wielding a +0 spear.
The wall freezes the ogre.
The ogre barely misses you.
A gnoll comes into view. It is wielding a +0 flail.
Casting: Freeze (safe; 1% risk of failure)
Confirm with . or Enter, or press ? or * to list all spells.
Aiming: Freeze (safe; 1% risk of failure)
Press: ? - help, Shift-Dir - straight line, f/p - ogre
Aim: an ogre, wielding a +0 giant club (heavily wounded)
You freeze the ogre.
The ogre is heavily wounded.
The gnoll shouts! x2
The frozen ramparts melt away.
Casting: Freeze (safe; 1% risk of failure)
Confirm with . or Enter, or press ? or * to list all spells.
You don't have enough magic to cast this spell.
You hit the ogre but do no damage.
The ogre is heavily wounded.
The ogre hits you with a +0 giant club!
The gnoll throws a throwing net.
The throwing net hits you.
You become entangled in the net!
Unknown command.
You tear a large gash into the net.
A gnoll comes into view. It is wielding a +0 club.
The ogre hits you with a +0 giant club!
* * * LOW HITPOINT WARNING * * *
You shred the net and break free!
The gnoll shouts!
The ogre hits you with a +0 giant club!!
Ouch! That really hurt!
You die...

.....#####....#######...
.............## #..#
#g..........## #..#
#..........## #..#
#.g.......## #..#
#...g.....# #..#
#.....#...## #..#
##.....##...# ##..#
#.....@###..## ##....
#...#..O# ##..#####.....
#... #...# #<..##...###.
... ##..# ##..#...## ##
. #... #....### # #...#
#...## #.... #..##
#..... #..### #
............## #


You could see an ogre and 3 gnolls.

Vanquished Creatures
  An orc priest (D:5)
  An iguana (D:5)
  An orc wizard (D:3)
  Ijyb (D:3)
  2 adders
  A worm (D:2)
  3 orcs
  8 ball pythons
  7 bats
  9 endoplasms
  3 giant cockroaches
  4 goblins
  4 hobgoblins
  8 kobolds
  2 quokkas (D:3)
  A frilled lizard (D:1)
  6 rats
62 creatures vanquished.

Vanquished Creatures (others)
  8 fungi (D:1)
8 creatures vanquished.

Grand Total: 70 creatures vanquished

Notes
Turn   | Place    | Note
-------+----------+-------------------------------------------
     0 | D:1      | safid the Merfolk Ice Elementalist began the quest for the
                  | Orb.
     0 | D:1      | Reached XP level 1. HP: 13/13 MP: 3/3
    94 | D:1      | Reached XP level 2. HP: 18/20 MP: 5/5
   236 | D:1      | Reached skill level 1 in Fighting
   715 | D:1      | Reached XP level 3. HP: 26/26 MP: 6/6
   760 | D:1      | Learned a level 3 spell: Frozen Ramparts
  1155 | D:2      | Learned a level 3 spell: Ozocubu's Armour
  2285 | D:3      | Found a runed translucent door.
  2291 | D:3      | Noticed middlethird's ghost (amateur VSCj)
  2295 | D:3      | Reached skill level 5 in Ice Magic
  2304 | D:3      | Reached XP level 4. HP: 18/33 MP: 1/8
  2453 | D:3      | You fall into a shaft and drop 2 floors!
  2453 | D:5      | Entered Level 5 of the Dungeon
  2623 | D:4      | Identified the +1 chain mail of Bozeoth {Int+4}
  2641 | D:4      | Found a broken altar of Ashenzari.
  2750 | D:3      | Noticed Ijyb
  2795 | D:3      | Killed Ijyb
  3112 | D:3      | Found a faded altar of an unknown god.
  3289 | D:3      | Reached XP level 5. HP: 39/39 MP: 5/9
  4007 | D:5      | Found a staircase to the Ecumenical Temple.
  4066 | Temple   | Entered the Ecumenical Temple
  4072 | Temple   | Became a worshipper of Vehumet
  4408 | D:5      | Noticed an ogre
  4420 | D:5      | Demolished by an ogre

Illustrated notes

Levels and vault maps discovered:
D:1:      scummos_arrival_checkerplants, layout_rooms
D:2:      layout_basic, reono_crystal_passage
D:3:      layout_rooms, chequers_ecumenical_altar_simple_redux,
          ebering_ghost_sewer_d, minmay_starry_boxes, uniq_ijyb
D:4:      layout_loops_ring, general_overflow_altar
D:5:      layout_layer_cave, minmay_temple_entry_trees, minmay_door_square,
          dilly_guarded_unrand_devastator
Temple:   hellmonk_temple_two_chambers

Skill      XL: |  1  2  3  4  5 |
---------------+----------------+-----
Fighting       | 1 2 3 |  3.1
Ice Magic      | 5 |  5.6
Spellcasting   | 3 |  3.3
Dodging        | |  2.6
Stealth        | |  2.1

Action                   |  1- 3 |  4- 6 || total
-------------------------+-------+-------++-------
Melee: Spear             |   117 |    86 ||   203
       Unarmed           |     1 |       ||     1
       Punch             |       |     3 ||     3
 Cast: Freeze            |    25 |    11 ||    36
       Frozen Ramparts   |     2 |     5 ||     7
       Ozocubu's Armour  |       |     2 ||     2
 Stab: Sleeping          |     7 |     1 ||     8
Armor: Robe              |    27 |    31 ||    58
Dodge: Dodged            |    75 |    46 ||   121
